 Dungeon Crawl Stone Soup version 0.29.1-1-gd02db6906a (webtiles) character file.

Game seed: 17360654905594278465

123 llamall the Cudgeller (level 4, -1/66 HPs)
             Began as a Troll Berserker on Oct 21, 2022.
             Was a Believer of Trog.
             Slain by an ice beast (7 damage)
             ... on level 5 of the Dungeon.
             The game lasted 00:13:01 (1764 turns).

llamall the Cudgeller (Troll Berserker)             Turns: 1764, Time: 00:13:01

Health: -1/66      AC:  4    Str: 27    XL:     4   Next: 80%
Magic:  3/3        EV: 10    Int:  3    God:    Trog [**....]
Gold:   73         SH:  0    Dex:  9    Spells: 3/3 levels left

rFire   . . .      SeeInvis .   v - +0 dagger
rCold   . . .      Faith    .   (no shield)
rNeg    . . .      Spirit   .   s - +0 robe
rPois   .          Reflect  .   (helmet restricted)
rElec   .          Harm     .   (no cloak)
rCorr   .          Rampage  .   (gloves unavailable)
Will    .....                   (boots unavailable)
Stlth   ..........              (no amulet)
HPRegen 1.01/turn               (no ring)
MPRegen 0.08/turn               (no ring)

@: berserking, very quick
A: large, unfitting armour, claws 3, regeneration 1, shaggy fur 1, tough skin 1
a: Renounce Religion, Berserk, Trog's Hand


You were on level 5 of the Dungeon.
You worshipped Trog.
Trog was pleased with you.
You visited 1 branch of the dungeon, and saw 4 of its levels.

You collected 73 gold pieces.

Inventory:

Hand Weapons
 a - a +0 mace
 g - a +0 dagger
 h - a +0 dagger
 l - a +0 club
 n - a +0 club
 o - a +0 hand axe
 p - a +0 whip
 v - a +0 dagger (weapon)
 B - a +0 club
 G - a +0 mace of pain
Missiles
 w - 32 stones (quivered)
Armour
 b - a +0 animal skin
 d - a +0 chain mail
 e - a +0 pair of boots
 j - a +0 leather armour
 k - a +0 leather armour
 r - a +0 leather armour
 s - a +0 robe (worn)
 A - a +0 robe
Jewellery
 F - the amulet of Elemental Vulnerability {rPois rF-- rC-- AC+8}
   (You found it on level 2 of the Dungeon)

   [amulet of nothing]

   AC:        It affects your AC (+8).
   rF:        It makes you very vulnerable to fire.
   rC:        It makes you very vulnerable to cold.
   rPois:     It protects you from poison.
Scrolls
 m - a scroll of amnesia {unknown}
 t - 2 scrolls of vulnerability {unknown}
 u - a scroll of immolation {unknown}
 y - a scroll of magic mapping {unknown}
 z - a scroll of teleportation {unknown}
 E - a scroll of poison {unknown}
 H - a scroll of identify {unknown}
Potions
 c - a potion of invisibility {unknown}
 f - a potion of degeneration {unknown}
 i - a potion of flight {unknown}
 q - a potion of lignification {unknown}
 x - a potion of might {unknown}
 C - a potion of attraction {unknown}
 D - a potion of cancellation {unknown}


   Skills:
 + Level 2.9 Fighting
 + Level 3.9 Maces & Flails
 + Level 3.3 Dodging
 + Level 0.2 Stealth


You had 3 spell levels left.
You didn't know any spells.
Your spell library contained the following spells:

 Spells                   Type           Power      Damage    Failure   Level
 Magic Dart               Conj           0%         1d3       52%         1
 Searing Ray              Conj           0%         2d4       67%         2
 Static Discharge         Conj/Air       0%         3-3/arc   67%         2
 Fulminant Prism          Conj/Hex       0%         3d6       99%         4
 Death's Door             Necr           0%         N/A       100%        9
 Fire Storm               Conj/Fire      0%         5d1       100%        9


Dungeon Overview and Level Annotations

Branches:
Dungeon (3/15)

Altars:
Dithmenos
Qazlal

Shops:
D:2 :


Innate Abilities, Weirdness & Mutations

You are too large for most types of armour.
You have claws for hands.
Your natural rate of healing is unusually fast.
You are covered in fur. (AC +1)
You have tough skin. (AC +1)


Message History

The ice beast closely misses you.
You closely miss the ice beast.
The ice beast is lightly wounded.
The ice beast hits you. The ice beast freezes you!
You hit the ice beast but do no damage.
The ice beast is lightly wounded.
The ice beast hits you. The ice beast freezes you!
* * * LOW HITPOINT WARNING * * *
You barely miss the ice beast.
The ice beast is lightly wounded.
The ice beast barely misses you.
You hit the ice beast but do no damage.
The ice beast is lightly wounded.
The ice beast hits you.
* * * LOW HITPOINT WARNING * * *
The ice beast freezes you!
* * * LOW HITPOINT WARNING * * *
Your movement speed is average.
Your attack delay is about 1.0.
Your movement speed is average.
Your attack delay is about 1.0.
Okay, then.
Okay, then.
Okay, then.
A red film seems to cover your vision as you go berserk!
You feel yourself moving faster!
You feel mighty! The ice beast closely misses you.
Okay, then.
You puncture the ice beast!
The ice beast is moderately wounded.
The ice beast hits you but does no damage.
You hit the ice beast.
The ice beast is heavily wounded.
The ice beast hits you but does no damage.
You closely miss the ice beast.
The ice beast is heavily wounded.
You puncture the ice beast!
The ice beast is severely wounded.
The ice beast hits you.
* * * LOW HITPOINT WARNING * * *
The ice beast freezes you!
You die...

#####....###.#....#
..................#
###...............#
#..........###....#.#
#..##.#...####......#
#..#.≈.≈..^§§##...###
...^.##....##.#...######
#..##^...§.#.#.........
#..#^#..≈##^^#.@..####.
##..≈(.§.≈^..≈§.Y.......
........_...............
###^...^.^≈≈≈≈........).
#.#.^≈.≈^#^^......###.
#≈##≈...#≈#§#......
#^.^#≈.^.≈#§#...#.## #
##≈.§..^..§.#.<.#.# .#
###.#.#......


You could see an ice beast.

Vanquished Creatures
  A necrophage (D:5)
  3 adders (D:2)
  2 dart slugs
  3 ball pythons (D:2)
  2 bats (D:2)
  4 endoplasms (D:2)
  3 giant cockroaches
  3 goblins
  2 hobgoblins (D:1)
  A quokka (D:2)
  5 frilled lizards
  4 kobolds
  2 rats (D:1)
35 creatures vanquished.

Notes
Turn   | Place    | Note
-------+----------+-------------------------------------------
     0 | D:1      | llamall the Troll Berserker began the quest for the Orb.
     0 | D:1      | Reached XP level 1. HP: 22/22 MP: 0/0
   155 | D:1      | Reached XP level 2. HP: 29/29 MP: 1/1
   289 | D:1      | Got the Guidebook on Loathsome Conflict
   844 | D:2      | Reached XP level 3. HP: 36/36 MP: 2/2
   922 | D:2      | Found Heklanoemi's Book Shop.
  1130 | D:2      | Reached ** piety under Trog
  1480 | D:2      | Found the amulet of Elemental Vulnerability {rPois rF--
                  | rC-- AC+8}
  1531 | D:3      | You fall into a shaft and drop 2 floors!
  1531 | D:5      | Entered Level 5 of the Dungeon
  1559 | D:5      | Found a stormy altar of Qazlal.
  1566 | D:5      | Noticed a necrophage
  1580 | D:5      | Killed a necrophage
  1581 | D:5      | Reached XP level 4. HP: 25/44 MP: 3/3
  1620 | D:5      | Found a shadowy altar of Dithmenos.
  1732 | D:5      | Noticed an ice beast
  1764 | D:5      | Slain by an ice beast

Illustrated notes

Levels and vault maps discovered:
D:1:      minmay_arrival_diagonal_passages, layout_basic
D:2:      layout_basic, serial_shops, nicolae_shop_trees
D:3:      layout_basic, lemuel_doored_altar
D:5:      layout_loops_cross, grunt_qazlal_sundering, mainiacjoe_overflow_paths,
          led_xom_imps, nicolae_concentric_dashed_squares_mild,
          minmay_misc_feat_square, st_stairs_4

Skill      XL: |  1  2  3 |
---------------+----------+-----
Maces & Flails | 3 |  3.9
Dodging        | 3 |  3.3
Fighting       | |  2.9
Stealth        | |  0.2

Action                   |  1- 3 |  4- 6 || total
-------------------------+-------+-------++-------
Melee: Mace              |   111 |       ||   111
       Dagger            |       |    28 ||    28
Invok: Berserk           |       |     1 ||     1
 Stab: Sleeping          |     1 |       ||     1
Armor: Animal skin       |    14 |       ||    14
       Robe              |    45 |     6 ||    51
Dodge: Dodged            |    83 |    17 ||   100
